 Dungeon Crawl Stone Soup version 0.22-a0-301-gf0fe05c (webtiles) character file.

8514 vishdafish the Carver (level 11, -8/58 HPs)
             Began as a Vine Stalker Fighter on Mar 26, 2018.
             Was an Elder of Nemelex Xobeh.
             Mangled by a two-headed ogre
             ... wielding a +0 giant club
              (11 damage)
             ... on level 10 of the Dungeon on Mar 27, 2018.
             The game lasted 00:22:55 (9989 turns).

vishdafish the Carver (Vine Stalker Fighter)        Turns: 9989, Time: 00:22:58

Health: -8/58      AC:  8    Str: 19    XL:     11   Next: 32%
Magic:  0/27       EV: 11    Int: 11    God:    Nemelex Xobeh [****..]
Gold:   384        SH: 10    Dex: 14    Spells: 10/10 levels left

rFire    . . .     SeeInvis .   J - +0 long sword (drain)
rCold    + . .     Gourm    .   c - +1 shield
rNeg     . . .     Faith    .   I - +1 ring mail {rC+}
rPois    .         Spirit   +   (no helmet)
rElec    .         Reflect  .   (no cloak)
rCorr    .         Harm     .   F - +0 pair of gloves
MR       ++...                  (no boots)
Stlth    +.........             (no amulet)
HPRegen  0.59/turn              h - ring of magical power
MPRegen  0.20/turn              d - ring of protection from magic

@: about to teleport
A: fangs 3, regeneration 1, magic shield, antimagic bite, no potion heal 3, rot
immunity
a: Triple Draw, Deal Four, Renounce Religion


You were on level 10 of the Dungeon.
You worshipped Nemelex Xobeh.
Nemelex Xobeh was greatly pleased with you.
You were not hungry.

You visited 1 branch of the dungeon, and saw 10 of its levels.
You also visited: Ossuary.

You collected 510 gold pieces.
You spent 126 gold pieces at shops.

Inventory:

Hand Weapons
 a - a +1 long sword
 v - a +2 falchion of slicing
 J - a +0 long sword of draining (weapon)
Missiles
 i - a throwing net (quivered)
Armour
 b - a +0 scale mail
 c - a +1 shield (worn)
 F - a +0 pair of gloves (worn)
 I - a +1 ring mail of cold resistance (worn)
Jewellery
 d - a ring of protection from magic (right hand)
 h - a ring of magical power (left hand)
 E - an uncursed ring of protection from magic
Wands
 r - a wand of digging (39)
 H - a wand of enslavement (4)
 L - a wand of random effects (15)
Scrolls
 g - 11 scrolls of remove curse
 j - 4 scrolls of enchant weapon
 l - a scroll of fog {unknown}
 q - 9 scrolls of teleportation
 s - 3 scrolls of fear {unknown}
 w - 2 scrolls of immolation {unknown}
 B - 2 scrolls of blinking {unknown}
 K - a scroll of silence {unknown}
 N - 3 scrolls of identify {unknown}
 O - a scroll of vulnerability {unknown}
 P - a scroll of enchant armour
Potions
 e - 9 potions of curing
 k - 2 potions of degeneration {unknown}
 m - a potion of resistance {unknown}
 n - 3 potions of haste {unknown}
 o - 2 potions of magic {unknown}
 p - a potion of berserk rage {unknown}
 u - 3 potions of heal wounds {unknown}
 z - a potion of flight {unknown}
 A - a potion of cancellation {unknown}
 C - 3 potions of lignification {unknown}
Miscellaneous
 y - a plain deck of summoning {drawn: 1}
 D - an ornate deck of escape {drawn: 3}
 G - a plain deck of summoning
 M - a plain deck of summoning
Comestibles
 f - 18 rations


   Skills:
 + Level 6.8 Fighting
 * Level 9.0 Long Blades
 + Level 6.2 Armour
 + Level 4.9 Dodging
 - Level 4.0 Shields
 * Level 8.3 Invocations


You had 10 spell levels left.
You didn't know any spells.

Dungeon Overview and Level Annotations

Branches:
Dungeon (10/15)            Temple (0/1) D:5            Lair (0/6) D:8
    Orc (0/2) D:9

Altars:
Ashenzari
Cheibriados
Elyvilon
Gozag
Kikubaaqudgha
Nemelex Xobeh
Ru
Sif Muna
Trog
Uskayaw
Vehumet
Wu Jian
Xom
Zin

Shops:
D:6 *

Annotations:
D:10 exclusion: orange crystal statue


Innate Abilities, Weirdness & Mutations

You have razor-sharp teeth.
Your natural rate of healing is unusually fast.
When hurt, damage is shared between your health and your magic reserves.
Your bite disrupts and absorbs the magic of your enemies.
Potions cannot restore your health.
You are immune to rotting.


Message History

Evoke which item? (* to show all) (? for menu, Esc to quit)
Okay, then.
Okay, then.
Evoke which item? (* to show all) (? for menu, Esc to quit)
Okay, then.
Triple draw from which deck? (? for menu, Esc to quit)
You draw... (choose one card, ? for their descriptions)
a - the Shaft b - Velocity
c - the Shaft You draw... (choose one card, ? for their descriptions)
a - the Shaft b - Velocity
c - the Shaft Huh?
A shaft materialises beneath you!
Your killer bee stings the bullfrog zombie.
The two-headed ogre hits you with a giant club!
You die...
Your body glows with a rainbow of weird colours and disappears.

..........####.......#
..........##....#.####
................'.#
..........##....###
..........#.....###########
#########.#.###.##.OZ......
#.#.#<#l##.########
#.#.#.#3##y..#
#.#...#@OZ...#
#.############


You could see a two-headed ogre, a sixfirhy, a bullfrog zombie, a leopard gecko
and a friendly killer bee.

Vanquished Creatures
  Fannar (D:9)
  2 two-headed ogres
  The ghost of whitenoisemaker the Grappler, a novice TrMo (D:6)
  A troll (D:10)
  Prince Ribbit (D:7)
  A hornet (D:9)
  Grinder (D:3)
  A hippogriff (D:8)
  A yak (D:8)
  2 basilisks (D:8)
  A steam dragon (D:9)
  2 soldier ants (D:9)
  5 orc warriors (D:9)
  3 black bears
  An ice beast (D:9)
  3 sky beasts
  A necrophage (D:10)
  3 centaurs
  An ogre (D:7)
  A crocodile (D:9)
  A big kobold (D:8)
  5 bullfrogs
  2 scorpions
  4 howler monkeys
  3 wights (D:6)
  3 crimson imps (D:7)
  5 hounds
  4 bullfrog skeletons
  A bullfrog zombie (D:8)
  7 orc wizards
  6 orc priests
  A centaur skeleton (D:5)
  4 iguanas
  6 worker ants
  A killer bee zombie (D:8)
  6 big kobold zombies (Ossuary)
  A hound zombie (D:7)
  A mummy (Ossuary)
  5 gnolls
  A howler monkey skeleton (D:8)
  6 adders
  A shadow imp (D:5)
  3 oozes
  An adder skeleton (D:4)
  2 dart slugs
  4 leopard geckos
  25 orcs
  3 spectral bats (Ossuary)
  7 giant cockroaches
  6 gnoll zombies (Ossuary)
  8 goblins
  10 hobgoblins
  15 jackals
  7 quokkas
  4 bats
  7 bat simulacra (Ossuary)
  18 frilled lizards
  2 goblin simulacra (Ossuary)
  5 goblin zombies (Ossuary)
  3 hobgoblin zombies (Ossuary)
  7 kobolds
  2 kobold simulacra (Ossuary)
  6 kobold zombies (Ossuary)
  A leopard gecko zombie (D:5)
  4 orc zombies (Ossuary)
  4 rats
  3 spectral goblins (Ossuary)
  4 spectral kobolds (Ossuary)
  3 spectral rats (Ossuary)
271 creatures vanquished.

Vanquished Creatures (collateral kills)
  A centaur warrior (D:10)
  An elephant (D:8)
  The ghost of crawlian the Magician, a novice DEFE (D:5)
  A hornet (D:7)
  Sigmund (D:6)
  An orc warrior (D:7)
  An ogre (D:6)
  A centaur (D:6)
  A scorpion (D:6)
  2 orc priests (D:7)
  A gnoll shaman (D:6)
  A hound (D:6)
  3 orc wizards (D:7)
  A worker ant (D:6)
  A hound zombie (D:6)
  2 gnolls (D:6)
  An adder (D:6)
  A shadow imp (D:6)
  A white imp (D:6)
  An orc (D:7)
  3 jackals (D:6)
27 creatures vanquished.

Vanquished Creatures (others)
  An orc wizard (D:9)
1 creature vanquished.

Grand Total: 299 creatures vanquished

Notes
Turn   | Place    | Note
-------+----------+-------------------------------------------
     0 | D:1      | vishdafish the Vine Stalker Fighter began the quest for the Orb.
     0 | D:1      | Reached XP level 1. HP: 11/11 MP: 2/2
   224 | D:1      | Reached skill level 2 in Long Blades
   224 | D:1      | Reached XP level 2. HP: 11/16 MP: 1/3
   690 | D:1      | Reached XP level 3. HP: 16/19 MP: 4/4
  1185 | D:2      | Found a shattered altar of Ashenzari.
  1238 | D:2      | Found a shimmering altar of Xom.
  1573 | D:2      | Gained mutation: Your natural rate of healing is unusually fast. [Vine Stalker growth]
  1573 | D:2      | Reached XP level 4. HP: 24/24 MP: 5/5
  2286 | D:3      | Reached skill level 3 in Long Blades
  2785 | D:3      | Noticed Grinder
  2791 | D:3      | Paralysed by Grinder for 4 turns
  2796 | D:3      | Killed Grinder
  2796 | D:3      | Reached XP level 5. HP: 19/29 MP: 6/6
  2796 | D:3      | Reached XP level 6. HP: 22/33 MP: 7/7
  2908 | D:4      | Reached skill level 4 in Long Blades
  2950 | D:4      | Found an opulent altar of Gozag.
  3000 | D:4      | Reached XP level 7. HP: 34/37 MP: 8/8
  3553 | D:5      | Entered Level 5 of the Dungeon
  3614 | D:5      | Found a hide-covered altar of Uskayaw.
  3614 | D:5      | Found an ornate altar of the Wu Jian Council.
  3619 | D:5      | Found a sparkling altar of Nemelex Xobeh.
  3621 | D:5      | Found a faded altar of an unknown god.
  3622 | D:5      | Found a faded altar of an unknown god.
  3630 | D:5      | Became a worshipper of Nemelex Xobeh the Trickster
  3651 | D:5      | Received a gift from Nemelex Xobeh
  3715 | D:5      | Reached skill level 1 in Dodging
  3715 | D:5      | Reached skill level 1 in Invocations
  3752 | D:5      | Found a bloodstained altar of Trog.
  3860 | D:5      | Found a white marble altar of Elyvilon.
  3868 | D:5      | Received a gift from Nemelex Xobeh
  3913 | D:5      | Found a staircase to the Ecumenical Temple.
  3921 | D:5      | Noticed crawlian's ghost (novice DEFE)
  3937 | D:5      | Killed crawlian's ghost
  4150 | D:5      | Reached * piety under Nemelex Xobeh
  4156 | D:5      | Reached skill level 5 in Long Blades
  4280 | D:5      | Gained mutation: You have razor-sharp teeth. [Vine Stalker growth]
  4280 | D:5      | Reached XP level 8. HP: 36/42 MP: 10/10
  4375 | D:5      | Received a gift from Nemelex Xobeh
  4616 | D:5      | Found a sacrificial altar of Ru.
  4752 | D:6      | Noticed whitenoisemaker's ghost (novice TrMo)
  4761 | D:6      | Found Waxiuzxi's Assorted Antiques.
  4763 | D:6      | Killed whitenoisemaker's ghost
  4784 | D:6      | Bought a scroll of teleportation for 66 gold pieces
  4784 | D:6      | Bought a sedimented green potion for 19 gold pieces
  4784 | D:6      | Bought a scroll labeled NANLUACUXU for 22 gold pieces
  4784 | D:6      | Bought a cyan potion for 19 gold pieces
  4814 | D:6      | Noticed Sigmund
  4818 | D:6      | Killed Sigmund
  4904 | D:6      | Received a gift from Nemelex Xobeh
  4947 | D:6      | Reached ** piety under Nemelex Xobeh
  5073 | D:6      | Found a sand-covered staircase.
  5081 | Ossuary  | Entered an ossuary
  5417 | Ossuary  | Reached skill level 6 in Long Blades
  5483 | D:6      | Reached XP level 9. HP: 42/46 MP: 13/13
  5660 | D:6      | Reached skill level 5 in Fighting
  5723 | D:6      | Received a gift from Nemelex Xobeh
  5985 | D:6      | Reached *** piety under Nemelex Xobeh
  6352 | D:7      | Received a gift from Nemelex Xobeh
  6471 | D:7      | Reached skill level 5 in Invocations
  6570 | D:7      | Noticed Prince Ribbit
  6577 | D:7      | Killed Prince Ribbit
  6577 | D:7      | Reached skill level 5 in Armour
  6629 | D:7      | Noticed a hornet
  6639 | D:7      | Killed a hornet
  6639 | D:7      | Reached skill level 7 in Long Blades
  6728 | D:7      | Found a snail-covered altar of Cheibriados.
  6728 | D:7      | Found a glowing silver altar of Zin.
  7383 | D:8      | Reached XP level 10. HP: 48/53 MP: 15/15
  7422 | D:8      | Noticed a two-headed ogre
  7441 | D:8      | Killed a two-headed ogre
  7557 | D:8      | Reached **** piety under Nemelex Xobeh
  7634 | D:8      | Noticed an elephant
  7642 | D:8      | Killed an elephant
  7690 | D:8      | Found a staircase to the Lair.
  7862 | D:9      | Found an ancient bone altar of Kikubaaqudgha.
  7865 | D:9      | Found a deep blue altar of Sif Muna.
  7867 | D:9      | Found a radiant altar of Vehumet.
  7871 | D:9      | Identified Sif Muna's Reference Book on Dislocation
  7911 | D:9      | Reached skill level 8 in Long Blades
  8942 | D:9      | Reached XP level 11. HP: 58/58 MP: 17/17
  8964 | D:9      | Found a staircase to the Orcish Mines.
  9443 | D:10     | Entered Level 10 of the Dungeon
  9443 | D:10     | Noticed Fannar
  9443 | D:10     | Noticed a centaur warrior
  9509 | D:9      | Killed Fannar
  9610 | D:10     | Killed a centaur warrior
  9732 | D:10     | Received a gift from Nemelex Xobeh
  9792 | D:10     | Noticed a two-headed ogre
  9800 | D:10     | Killed a two-headed ogre
  9879 | D:10     | Noticed an orange crystal statue
  9887 | D:10     | Reached skill level 9 in Long Blades
  9967 | D:10     | Noticed a two-headed ogre
  9978 | D:10     | Noticed a sixfirhy
  9989 | D:10     | Mangled by a two-headed ogre

Vault maps used:
D:1:      dpeg_arrival_ternary, st_stairs_3
D:2:      nicolae_ashenzari_panopticon, lemuel_doored_altar, serial_park_tiny_2,
          minmay_tripent
D:3:      first_ration, uniq_grinder
D:4:      nicolae_gozag_seed_capital, minmay_strange_pillars
D:5:      chequers_temple_overflow_minitemple, old_standard_altar,
          minmay_temple_entry_large_hall, basic_altar,
          nicolae_ru_the_path_less_chosen
D:6:      serial_shops, shop, nicolae_ossuary_entry_ruins,
          minmay_misc_feat_pillars, uniq_sigmund
D:7:      gammafunk_temple_overflow_pools, uniq_prince_ribbit1
D:8:      david_lair_generic
D:9:      grunt_temple_overflow_magic_moments, erik_orc_2,
          hangedman_pestilent_swarm
D:10:     minmay_misc_feat_nine_boxes, minivault_16, uniq_fannar
Ossuary:  ossuary_zaba_two_paths

Skill      XL: |  1  2  3  4  5  6  7  8  9 10 11 |
---------------+----------------------------------+-----
Long Blades    | 2 3 4 5 6 7 8 9 |  9.0
Shields        | 3 4 |  4.0
Fighting       | 3 4 5 6 |  6.8
Armour         | 3 4 5 6 |  6.2
Dodging        | 1 2 3 4 |  4.9
Invocations    | 2 4 6 7 8 |  8.3

Action                   |  1- 3 |  4- 6 |  7- 9 | 10-12 || total
-------------------------+-------+-------+-------+-------++-------
Melee: Long sword        |    89 |   120 |   338 |   335 ||   882
       Bite              |    26 |    24 |   119 |   123 ||   292
       Falchion          |       |       |    30 |       ||    30
Invok: Triple Draw       |       |       |       |     1 ||     1
Evoke: Deck              |       |       |    11 |    10 ||    21
       Wand              |       |       |     5 |    12 ||    17
  Use: Scroll            |       |     1 |     5 |     1 ||     7
       Potion            |       |     1 |       |     1 ||     2
 Stab: Distracted        |       |       |     1 |     1 ||     2
  Eat: Chunk             |     2 |     4 |    12 |     9 ||    27
       Ration            |       |       |     1 |       ||     1
Armor: Scale mail        |    32 |    54 |   123 |       ||   209
       Ring mail         |       |       |    13 |    67 ||    80
Dodge: Dodged            |    20 |    34 |   125 |   144 ||   323
Block: Shield            |    37 |    74 |   183 |   177 ||   471
       Rpst.: Long sword |     2 |     7 |    35 |    39 ||    83
       Falchion          |       |       |     1 |       ||     1

Table legend:
 A = Spawn XP
 B = Non-spawn XP
 C = Spawn XP percentage of total XP
 D = Spawn monster count
 E = Non-spawn monster count
 F = Spawn count percentage of total count
 G = Total turns spent on level
                    A         B        C        D         E        F      G
               +---------+---------+-------+---------+---------+-------+---------
         Total |       0 |   12164 |   0.0 |       0 |     298 |   0.0 |  9989
               +---------+---------+-------+---------+---------+-------+---------
           D:1 |       0 |      48 |   0.0 |       0 |      28 |   0.0 |  1128
           D:2 |       0 |      73 |   0.0 |       0 |      19 |   0.0 |  1074
           D:3 |       0 |     417 |   0.0 |       0 |      25 |   0.0 |   750
           D:4 |       0 |     262 |   0.0 |       0 |      14 |   0.0 |   607
           D:5 |       0 |     481 |   0.0 |       0 |      14 |   0.0 |  1193
           D:6 |       0 |    1167 |   0.0 |       0 |      32 |   0.0 |  1125
           D:7 |       0 |    1751 |   0.0 |       0 |      29 |   0.0 |  1084
           D:8 |       0 |    2357 |   0.0 |       0 |      27 |   0.0 |   512
           D:9 |       0 |    3293 |   0.0 |       0 |      47 |   0.0 |  1737
          D:10 |       0 |    2086 |   0.0 |       0 |       8 |   0.0 |   398
       Ossuary |       0 |     229 |   0.0 |       0 |      55 |   0.0 |   381
               +---------+---------+-------+---------+---------+-------+---------
